[ AOE2 MATCH · #514033901 ]
UnrankedItalians vs Romans
Player's team · LOSS
Rival team · WIN
[ REPLAY ANALYSIS · EXTRACTED FROM THE RECORDED GAME ]
Feudal
8:25
Castle
22:08
Imperial
—
| APM avg | 63.8 |
| APM peak | 91 |
| eAPM avg | 23.2 |
| Villagers / military | 51 / 36 |
Focus
⚔️ 43.9% · 🌾 56.1%
Skirmisher ×20 · Scout Cavalry ×9 · Spearman ×4 · Mangonel ×2 · Knight ×1
Feudal
8:26
Castle
20:45
Imperial
—
| APM avg | 78.4 |
| APM peak | 124 |
| eAPM avg | 41.3 |
| Villagers / military | 51 / 44 |
Focus
⚔️ 60.9% · 🌾 39.1%
Archer ×30 · Scout Cavalry ×5 · Spearman ×4 · Mangonel ×3 · Knight ×1 · Scorpion ×1
Match map
Initial resources + every placement click. Lines = walls · curves = elevation contours. ◆ gold · ⬟ stone · ● berries · ✦ relic · ◌ wall gap
Your base· Open — 6t gap
TAG_Sitaux's base· Open — unwalled flank
Smoothed initial terrain · ◌ = detected wall gap · hover for details
Inputs per minute
— RoR | kei - - TAG_Sitaux
Build order — RoR | kei
First 150 of 154 actions detected
| 0:00 | Queue | Villager (Male) |
| 0:03 | Build | House |
| 0:04 | Build | House |
| 0:08 | Queue | Villager (Male) |
| 0:08 | Queue | Villager (Male) |
| 0:08 | Queue | Villager (Male) |
| 0:09 | Queue | Villager (Male) |
| 1:22 | Queue | Villager (Male) |
| 1:22 | Queue | Villager (Male) |
| 1:59 | Queue | Villager (Male) |
| 2:23 | Queue | Villager (Male) |
| 2:23 | Queue | Villager (Male) |
| 2:25 | Build | Lumber Camp |
| 2:53 | Queue | Villager (Male) |
| 2:53 | Queue | Villager (Male) |
| 3:18 | Queue | Villager (Male) |
| 3:19 | Queue | Villager (Male) |
| 3:32 | Queue | Villager (Male) |
| 3:32 | Queue | Villager (Male) |
| 3:56 | Build | House |
| 3:58 | Queue | Villager (Male) |
| 3:58 | Queue | Villager (Male) |
| 4:20 | Queue | Villager (Male) |
| 4:53 | Queue | Villager (Male) |
| 5:19 | Queue | Villager (Male) |
| 5:27 | Build | House |
| 5:34 | Build | Mill |
| 5:49 | Research | Loom |
| 6:13 | Research | Feudal Age |
| 6:47 | Build | House |
| 6:49 | Build | Palisade Wall |
| 7:00 | Build | Palisade Wall |
| 7:40 | Queue | Villager (Male) |
| 7:48 | Build | Barracks |
| 8:09 | Build | Palisade Wall |
| 8:12 | Queue | Villager (Male) |
| 8:25 | Age | Feudal Age |
| 8:47 | Build | Stable |
| 9:07 | Queue | Villager (Male) |
| 9:16 | Queue | Villager (Male) |
| 9:28 | Queue | Scout Cavalry |
| 9:43 | Queue | Villager (Male) |
| 9:50 | Build | Farm |
| 9:51 | Build | Farm |
| 9:55 | Queue | Scout Cavalry |
| 10:04 | Build | Palisade Wall |
| 10:08 | Queue | Villager (Male) |
| 10:10 | Queue | Scout Cavalry |
| 10:18 | Build | Farm |
| 10:23 | Build | Farm |
| 10:30 | Queue | Villager (Male) |
| 10:38 | Build | House |
| 10:56 | Queue | Villager (Male) |
| 11:03 | Build | House |
| 11:04 | Build | House |
| 11:26 | Queue | Villager (Male) |
| 11:31 | Queue | Villager (Male) |
| 11:35 | Build | Palisade Wall |
| 11:44 | Build | Farm |
| 11:55 | Queue | Spearman |
| 12:02 | Build | Farm |
| 12:30 | Queue | Villager (Male) |
| 12:36 | Queue | Spearman |
| 12:39 | Queue | Villager (Male) |
| 12:42 | Queue | Scout Cavalry |
| 12:46 | Queue | Spearman |
| 12:49 | Build | Farm |
| 12:52 | Build | Farm |
| 12:59 | Queue | Spearman |
| 13:02 | Queue | Villager (Male) |
| 13:06 | Queue | Scout Cavalry |
| 13:15 | Queue | Scout Cavalry |
| 13:34 | Build | Archery Range |
| 13:39 | Queue | Villager (Male) |
| 13:47 | Queue | Scout Cavalry |
| 13:50 | Build | Farm |
| 13:54 | Build | Farm |
| 14:14 | Queue | Villager (Male) |
| 14:21 | Queue | Villager (Male) |
| 14:26 | Build | Farm |
| 14:31 | Queue | Skirmisher |
| 14:37 | Queue | Scout Cavalry |
| 14:44 | Build | House |
| 14:49 | Queue | Skirmisher |
| 14:52 | Queue | Skirmisher |
| 15:02 | Build | House |
| 15:07 | Queue | Villager (Male) |
| 15:24 | Queue | Scout Cavalry |
| 15:29 | Build | Blacksmith |
| 15:48 | Queue | Skirmisher |
| 15:50 | Queue | Villager (Male) |
| 16:17 | Queue | Villager (Male) |
| 16:22 | Build | Lumber Camp |
| 16:29 | Queue | Skirmisher |
| 16:36 | Queue | Villager (Male) |
| 17:02 | Queue | Villager (Male) |
| 17:07 | Queue | Villager (Male) |
| 17:14 | Build | Mining Camp |
| 17:20 | Queue | Skirmisher |
| 17:36 | Queue | Skirmisher |
| 17:52 | Queue | Skirmisher |
| 18:04 | Queue | Villager (Male) |
| 18:13 | Build | House |
| 18:27 | Build | Farm |
| 18:28 | Build | Farm |
| 18:31 | Queue | Villager (Male) |
| 18:43 | Build | Farm |
| 18:49 | Build | Farm |
| 18:54 | Build | House |
| 18:58 | Build | Farm |
| 18:59 | Build | Farm |
| 19:20 | Build | Farm |
| 19:27 | Build | Farm |
| 19:28 | Research | Castle Age |
| 19:28 | Research | Castle Age |
| 19:39 | Queue | Skirmisher |
| 19:58 | Build | Farm |
| 19:59 | Queue | Skirmisher |
| 20:01 | Research | Fletching |
| 20:06 | Research | Horse Collar |
| 20:17 | Research | Fletching |
| 20:24 | Build | Farm |
| 20:27 | Queue | Skirmisher |
| 20:51 | Research | Padded Archer Armor |
| 20:51 | Queue | Skirmisher |
| 20:58 | Build | House |
| 21:02 | Build | House |
| 21:05 | Build | House |
| 21:16 | Build | House |
| 21:37 | Queue | Villager (Male) |
| 21:39 | Queue | Skirmisher |
| 21:40 | Queue | Skirmisher |
| 22:08 | Age | Castle Age |
| 22:09 | Research | Bodkin Arrow |
| 22:11 | Research | Elite Skirmisher (upgrade) |
| 22:11 | Research | Elite Skirmisher (upgrade) |
| 22:17 | Queue | Villager (Male) |
| 22:21 | Queue | Skirmisher |
| 22:45 | Queue | Villager (Male) |
| 22:48 | Build | Siege Workshop |
| 22:53 | Queue | Villager (Male) |
| 23:16 | Queue | Skirmisher |
| 23:34 | Queue | Knight |
| 23:35 | Queue | Skirmisher |
| 23:50 | Queue | Skirmisher |
| 23:52 | Queue | Mangonel |
| 23:55 | Build | Farm |
| 23:57 | Queue | Villager (Male) |
| 23:59 | Queue | Mangonel |
| 24:09 | Queue | Skirmisher |
Build order — TAG_Sitaux
First 150 of 191 actions detected
| 0:01 | Queue | Villager (Male) |
| 0:01 | Queue | Villager (Male) |
| 0:01 | Build | House |
| 0:02 | Build | House |
| 0:08 | Queue | Villager (Male) |
| 0:09 | Queue | Villager (Male) |
| 0:09 | Queue | Villager (Male) |
| 1:29 | Queue | Villager (Male) |
| 1:29 | Queue | Villager (Male) |
| 1:59 | Queue | Villager (Male) |
| 1:59 | Queue | Villager (Male) |
| 2:00 | Queue | Villager (Male) |
| 2:19 | Queue | Villager (Male) |
| 2:19 | Queue | Villager (Male) |
| 2:38 | Build | Lumber Camp |
| 3:07 | Queue | Villager (Male) |
| 3:07 | Queue | Villager (Male) |
| 3:07 | Queue | Villager (Male) |
| 3:39 | Queue | Villager (Male) |
| 3:51 | Build | House |
| 4:00 | Queue | Villager (Male) |
| 4:24 | Queue | Villager (Male) |
| 4:53 | Queue | Villager (Male) |
| 5:12 | Build | Mill |
| 5:19 | Queue | Villager (Male) |
| 5:46 | Queue | Villager (Male) |
| 6:13 | Research | Feudal Age |
| 6:13 | Research | Feudal Age |
| 6:44 | Build | House |
| 6:52 | Build | Palisade Wall |
| 6:53 | Build | Palisade Wall |
| 7:40 | Build | Barracks |
| 8:26 | Age | Feudal Age |
| 8:27 | Queue | Villager (Male) |
| 8:36 | Build | Stable |
| 8:40 | Research | Loom |
| 8:40 | Research | Loom |
| 8:58 | Research | Double-Bit Axe |
| 8:58 | Research | Double-Bit Axe |
| 8:59 | Queue | Villager (Male) |
| 9:10 | Build | House |
| 9:27 | Queue | Scout Cavalry |
| 9:27 | Queue | Villager (Male) |
| 9:28 | Queue | Spearman |
| 9:35 | Queue | Scout Cavalry |
| 9:43 | Build | House |
| 9:53 | Build | Farm |
| 10:05 | Queue | Villager (Male) |
| 10:07 | Build | Farm |
| 10:10 | Queue | Scout Cavalry |
| 10:15 | Queue | Villager (Male) |
| 10:23 | Build | Farm |
| 10:23 | Queue | Villager (Male) |
| 10:42 | Build | Farm |
| 10:47 | Queue | Villager (Male) |
| 10:49 | Build | Palisade Wall |
| 10:50 | Build | Palisade Wall |
| 10:51 | Build | Palisade Wall |
| 10:57 | Build | House |
| 11:05 | Build | Farm |
| 11:16 | Queue | Scout Cavalry |
| 11:23 | Build | Farm |
| 11:25 | Build | Farm |
| 11:38 | Build | Farm |
| 11:41 | Queue | Villager (Male) |
| 11:54 | Queue | Scout Cavalry |
| 12:05 | Queue | Villager (Male) |
| 12:25 | Build | Mining Camp |
| 12:27 | Build | Palisade Wall |
| 12:29 | Build | Palisade Wall |
| 12:31 | Build | Palisade Wall |
| 12:32 | Build | Palisade Wall |
| 12:35 | Build | Palisade Wall |
| 12:35 | Queue | Villager (Male) |
| 12:38 | Queue | Spearman |
| 12:46 | Build | Archery Range |
| 12:50 | Queue | Villager (Male) |
| 12:52 | Build | Palisade Wall |
| 13:05 | Build | Farm |
| 13:13 | Research | Horse Collar |
| 13:22 | Build | House |
| 13:24 | Queue | Villager (Male) |
| 13:44 | Queue | Archer |
| 13:48 | Build | Farm |
| 13:50 | Queue | Villager (Male) |
| 14:00 | Queue | Archer |
| 14:10 | Queue | Villager (Male) |
| 14:22 | Queue | Villager (Male) |
| 14:27 | Build | Farm |
| 14:28 | Queue | Archer |
| 14:49 | Build | Farm |
| 14:51 | Build | House |
| 14:52 | Build | House |
| 15:03 | Queue | Villager (Male) |
| 15:07 | Build | Farm |
| 15:08 | Build | Farm |
| 15:12 | Queue | Archer |
| 15:15 | Queue | Villager (Male) |
| 15:24 | Queue | Spearman |
| 15:25 | Queue | Archer |
| 15:29 | Queue | Villager (Male) |
| 15:37 | Build | Farm |
| 15:47 | Queue | Spearman |
| 15:50 | Queue | Villager (Male) |
| 15:52 | Build | House |
| 15:52 | Build | House |
| 16:19 | Queue | Villager (Male) |
| 16:20 | Build | Blacksmith |
| 16:27 | Queue | Archer |
| 16:33 | Build | House |
| 16:34 | Build | House |
| 16:35 | Build | Palisade Wall |
| 17:04 | Queue | Villager (Male) |
| 17:18 | Queue | Archer |
| 17:20 | Queue | Villager (Male) |
| 17:52 | Build | Archery Range |
| 17:53 | Queue | Archer |
| 18:00 | Build | Watch Tower |
| 18:04 | Build | Farm |
| 18:05 | Research | Castle Age |
| 18:05 | Research | Castle Age |
| 18:24 | Queue | Archer |
| 18:40 | Research | Fletching |
| 18:40 | Research | Fletching |
| 18:42 | Build | House |
| 18:49 | Queue | Archer |
| 18:53 | Build | Lumber Camp |
| 18:57 | Queue | Archer |
| 19:01 | Research | Gold Mining |
| 19:01 | Research | Gold Mining |
| 19:14 | Queue | Archer |
| 19:19 | Queue | Archer |
| 19:26 | Build | Palisade Wall |
| 19:40 | Queue | Archer |
| 19:53 | Queue | Archer |
| 19:57 | Queue | Villager (Male) |
| 20:25 | Queue | Villager (Male) |
| 20:32 | Build | Lumber Camp |
| 20:45 | Age | Castle Age |
| 20:47 | Research | Crossbowman (upgrade) |
| 20:47 | Research | Bodkin Arrow |
| 20:47 | Research | Bodkin Arrow |
| 20:49 | Queue | Knight |
| 20:56 | Build | Siege Workshop |
| 21:01 | Build | House |
| 21:03 | Queue | Villager (Male) |
| 21:14 | Research | Bow Saw |
| 21:14 | Research | Bow Saw |
| 21:18 | Queue | Archer |
| 21:18 | Queue | Archer |
Match timeline
| 6:49 | RoR | kei · wall_segment Palisade Wall x8 |
| 6:52 | TAG_Sitaux · wall_segment Palisade Wall x5 |
| 6:53 | TAG_Sitaux · wall_segment Palisade Wall x6 |
| 7:00 | RoR | kei · wall_segment Palisade Wall x6 |
| 7:40 | TAG_Sitaux · first_building Barracks |
| 7:48 | RoR | kei · first_building Barracks |
| 8:09 | RoR | kei · wall_segment Palisade Wall x4 |
| 8:25 | RoR | kei · age_up feudal |
| 8:26 | TAG_Sitaux · age_up feudal |
| 8:36 | TAG_Sitaux · first_building Stable |
| 8:47 | RoR | kei · first_building Stable |
| 10:04 | RoR | kei · wall_segment Palisade Wall x1 |
| 10:49 | TAG_Sitaux · wall_segment Palisade Wall x1 |
| 10:50 | TAG_Sitaux · wall_segment Palisade Wall x1 |
| 10:51 | TAG_Sitaux · wall_segment Palisade Wall x1 |
| 11:35 | RoR | kei · wall_segment Palisade Wall x3 |
| 12:27 | TAG_Sitaux · wall_segment Palisade Wall x1 |
| 12:29 | TAG_Sitaux · wall_segment Palisade Wall x1 |
| 12:31 | TAG_Sitaux · wall_segment Palisade Wall x1 |
| 12:32 | TAG_Sitaux · wall_segment Palisade Wall x1 |
| 12:35 | TAG_Sitaux · wall_segment Palisade Wall x1 |
| 12:46 | TAG_Sitaux · first_building Archery Range |
| 12:52 | TAG_Sitaux · wall_segment Palisade Wall x1 |
| 13:34 | RoR | kei · first_building Archery Range |
| 16:35 | TAG_Sitaux · wall_segment Palisade Wall x1 |
| 19:26 | TAG_Sitaux · wall_segment Palisade Wall x8 |
| 20:45 | TAG_Sitaux · age_up castle |
| 20:56 | TAG_Sitaux · first_building Siege Workshop |
| 22:08 | RoR | kei · age_up castle |
| 22:48 | RoR | kei · first_building Siege Workshop |
| 24:49 | RoR | kei · resign |
[ AI ANALYSIS · 1 CREDIT ]
What really happened in this match?
Wolo.gg analyzes every decision: build order, eco, micro, common mistakes by bracket. Personalized analysis on WhatsApp or Discord in 30 seconds.
Civ guide
Italians
Perfil
Jugador #1762409